 Dungeon Crawl Stone Soup version 0.20-a0-642-g4ff03ff (webtiles) character file.

310 inmateoo the Slasher (level 6, -1/35 HPs)
             Began as a Vine Stalker Fighter on Feb 14, 2017.
             Slain by an orc
             ... wielding a +2 hand axe of flaming
              (5 damage)
             ... on level 3 of the Dungeon.
             The game lasted 00:02:59 (2144 turns).

inmateoo the Slasher (Vine Stalker Fighter)         Turns: 2144, Time: 00:03:00

Health: -1/35      AC:  6    Str: 21    XL:     6   Next: 41%
Magic:  0/7        EV:  6    Int:  8    God:
Gold:   112        SH: 14    Dex: 13    Spells: 5/5 levels left

rFire    . . .     SeeInvis .   r - +0 long sword (holy)
rCold    . . .     Gourm    .   b - +0 scale mail
rNeg     . . .     Faith    .   s - +0 large shield
rPois    .         Spirit   +   (no helmet)
rElec    .         Reflect  .   (no cloak)
rCorr    .         Harm     .   (no gloves)
MR       .....                  (no boots)
Stlth    ..........             (no amulet)
Regen    0.6/turn               (no ring)
MPRegen  0.1/turn               (no ring)

@: no status effects
A: fangs 2, regeneration 1, robust 1, wild magic 1, magic shield, antimagic
bite, no potion heal 3, rot immunity
a: no special abilities


You were on level 3 of the Dungeon.
You were not hungry.

You visited 1 branch of the dungeon, and saw 4 of its levels.

You collected 112 gold pieces.

Inventory:

Hand Weapons
 a - a +0 long sword
 r - a +0 long sword of holy wrath (weapon)
Armour
 b - a +0 scale mail (worn)
 s - a +0 large shield (worn)
Scrolls
 e - 4 scrolls of teleportation
 g - a scroll of amnesia {unknown}
Potions
 d - a potion of might
 i - a potion of lignification {unknown}
 j - 3 potions of curing
 k - 2 potions of flight
 l - 3 potions of berserk rage
 m - 2 potions of haste {unknown}
 o - a potion of ambrosia
 q - a potion of invisibility
Books
 c - a book of Misfortune

   Spells                             Type                      Level
   a - Confusing Touch                Hexes                        1
   b - Confuse                        Hexes                        3
   c - Gell's Gravitas                Hexes/Translocation          3
   d - Petrify                        Transmutation/Earth          4
   e - Metabolic Englaciation         Hexes/Ice                    5
   f - Yara's Violent Unravelling     Hexes/Transmutation          5
Comestibles
 f - 3 bread rations
 h - 9 fruits


   Skills:
 + Level 3.4 Fighting
 * Level 3.7 Long Blades
 + Level 3.2 Armour
 + Level 1.6 Dodging
 + Level 3.6 Shields


You had 5 spell levels left.
You didn't know any spells.

Dungeon Overview and Level Annotations

Branches:
Dungeon (4/15)
 Temple: D:4-7

Altars:
Ashenzari
Fedhas
Sif Muna


Innate Abilities, Weirdness & Mutations

You have extremely sharp teeth.
Your natural rate of healing is unusually fast.
When hurt, damage is shared between your health and your magic reserves.
Your bite disrupts and absorbs the magic of your enemies.
Potions cannot restore your health.
You are immune to rotting.
You are robust. (+10% HP)
Your spells are a little harder to cast, but a little more powerful.


Message History

The orc is heavily wounded.
The hound bites you.
* * * LOW HITPOINT WARNING * * *
The orc hits you but does no damage. You block the hound's attack.
Unknown command.
You hit the orc. Your bite misses the orc.
The orc is almost dead.
The hound bites you.
* * * LOW HITPOINT WARNING * * *
You block the orc's attack. The hound bites you but does no damage.
The orc hits you with a hand axe of flaming.
* * * LOW HITPOINT WARNING * * *
The orc burns you.
* * * LOW HITPOINT WARNING * * *
Your shield prevents you from hitting the orc.
You bite the orc, but do no damage.
The orc is almost dead.
You block the hound's attack. x2
The orc hits you with a hand axe of flaming.
You die...

#.#.....#...#.#...#
#.###.##.####.##.##
#...........#..#.#
#####............#
#.......#####(###
#.####### #.# #.#
#.# ## #h# #)# #.
#@# #.# #. #o# #.#
#. #.##### #.# #.
#.#...## ##[# #.
#..###.## #..# #.
##.## ##.####.## #.
#.## ##.##...###.
#.# #......##..
#.## ##.##.......


You could see a hound and an orc.

Vanquished Creatures
  A scorpion (D:3)
  An orc priest (D:3)
  An orc wizard (D:4)
  A worker ant (D:3)
  4 gnolls (D:3)
  6 adders
  3 oozes
  A worm (D:3)
  8 orcs (D:3)
  6 bats
  A giant cockroach (D:3)
  5 goblins
  8 hobgoblins
  3 quokkas (D:2)
  3 ball pythons
  3 frilled lizards
  7 kobolds
  4 rats
66 creatures vanquished.

Notes
Turn   | Place    | Note
-------+----------+-------------------------------------------
     0 | D:1      | inmateoo the Vine Stalker Fighter began the quest for the Orb.
     0 | D:1      | Reached XP level 1. HP: 11/11 MP: 2/2
    60 | D:1      | Reached XP level 2. HP: 16/16 MP: 3/3
   649 | D:2      | Reached XP level 3. HP: 19/19 MP: 4/4
   687 | D:2      | Found a shattered altar of Ashenzari.
   914 | D:2      | Gained mutation: Your natural rate of healing is unusually fast. [Vine Stalker growth]
   914 | D:2      | Reached XP level 4. HP: 23/23 MP: 5/5
  1214 | D:3      | Found a blossoming altar of Fedhas.
  1377 | D:3      | Gained mutation: You are robust. (+10% HP) [potion of mutation]
  1377 | D:3      | Gained mutation: Your spells are a little harder to cast, but a little more powerful. [potion of mutation]
  1509 | D:3      | Found a deep blue altar of Sif Muna.
  1668 | D:3      | Reached skill level 1 in Dodging
  1668 | D:3      | Reached XP level 5. HP: 22/30 MP: 6/6
  2003 | D:3      | Reached XP level 6. HP: 31/35 MP: 7/7
  2144 | D:3      | Slain by an orc

Vault maps used:
D:1:      tarquinn_simple_flora_water_a
D:2:      lemuel_round_altar
D:3:      nicolae_overflow_hidden_temple, fedhas_altar_fruit_tree,
          serial_park_tiny_pond
D:4:      minmay_a_box_with_orc_wizards_in_it

Skill      XL: |  1  2  3  4  5 |
---------------+----------------+-----
Long Blades    | 2 3 |  3.7
Shields        | 3 |  3.6
Fighting       | 3 |  3.4
Dodging        | 1 |  1.6
Armour         | 3 |  3.2

Action                   |  1- 3 |  4- 6 || total
-------------------------+-------+-------++-------
Melee: Long sword        |    68 |   136 ||   204
       Bite              |    20 |    44 ||    64
  Use: Scroll            |       |     9 ||     9
       Potion            |       |     1 ||     1
  Eat: Chunk             |       |     4 ||     4
Armor: Scale mail        |    33 |    45 ||    78
Dodge: Dodged            |    23 |    33 ||    56
Block: Shield            |    41 |    24 ||    65
       Large shield      |       |   110 ||   110
       Rpst.: Long sword |     7 |     9 ||    16
